Sabres vs Panthers

Created - March-29-13 at 18:56

Goals
1 2 3 T
Sabres 1 0 0 1
Panthers 0 0 2 2
Shots
1 2 3 T
Sabres 13 3 6 22
Panthers 1 8 7 16

1st period

1. Sabres , Joel Ward 1 (Chris Butler) at 15:47

Penalties :
Dainius Zubrus (FLA) for Interference (Minor) at 0:34, Christian Ehrhoff (BUF) for Holding (Minor) at 5:32, Dainius Zubrus (FLA) for Cross-checking (Minor) at 11:55, Drew Stafford (FLA) for Tripping (Minor) at 17:06, Karl Alzner (BUF) for Holding (Minor) at 17:06

2nd period

No Goal

Penalties :
Brooks Orpik (FLA) for Hooking (Minor) at 0:21, Erik Gudbranson (BUF) for Boarding (Minor) at 3:30, John-Michael Liles (FLA) for Hooking (Minor) at 14:05, Erik Gudbranson (BUF) for Tripping (Minor) at 16:07

3rd period

2. Panthers , Niklas Kronwall 20 (Andy Greene, David Booth) at 15:01 (PP)
3. Panthers , David Jones 10 (Niklas Kronwall, Brooks Orpik) at 15:27

Penalties :
Brooks Orpik (FLA) for Hooking (Minor) at 3:16, Kyle Quincey (FLA) for Tripping (Minor) at 4:22, Thomas Vanek (BUF) for Slashing (Minor) at 9:45, Tuomo Ruutu (BUF) for Hooking (Minor) at 13:39, Antoine Vermette (FLA) for Slashing (Minor) at 17:25

Goalie Stats

Peter Budaj (BUF), 14 saves from 16 shots - (0.875), L, 10-10-2, 59:00 minutes
Semyon Varlamov (FLA), 21 saves from 22 shots - (0.955), W, 20-23-1, 60:00 minutes

Players Stats for Sabres

Player Name              G  A  P  +/- PIM S  H  SB GA TA FO     MP     PP MP  PK MP  
------------------------------------------------------------------------------------
Andrej Sekera            0  0  0   0  0   1  0  0  0  0  0/0    20:15   6:30   0:34 
Brett Festerling         0  0  0   0  0   0  0  0  0  0  0/0     5:36   2:23   1:24 
Chris Butler             0  1  1   0  0   1  0  1  0  0  0/0    13:52   0:00   4:57 
Christian Ehrhoff        0  0  0   0  2   2  0  1  0  0  0/0    24:44   6:14   2:55 
Dan Cleary               0  0  0   0  0   4  0  0  0  0  0/1    15:12   0:00   2:33 
Devin Setoguchi          0  0  0  -1  0   1  1  0  0  0  0/0    10:12   0:25   0:34 
Erik Gudbranson          0  0  0   0  4   1  1  0  0  0  0/0    15:08   5:54   0:56 
Grant Clitsome           0  0  0   0  0   0  0  0  0  0  0/0     0:00   0:00   0:00 
Jeff Carter              0  0  0   0  0   0  0  0  0  0  1/3    19:08   5:55   0:52 
Joel Ward                1  0  1   1  0   2  0  0  0  0  0/0    11:02   0:00   6:11 
Karl Alzner              0  0  0   0  2   0  0  3  0  0  0/0    19:32   0:00   4:15 
Martin Hanzal            0  0  0   1  0   3  4  0  0  0  23/34  25:20   6:12   4:18 
Mike Richards            0  0  0  -1  0   2  2  0  0  0  12/23  25:17   5:17   2:13 
Patrick Kaleta           0  0  0  -1  0   0  2  0  0  0  0/0     9:55   0:06   0:00 
Thomas Vanek             0  0  0   0  2   1  0  0  0  0  2/4    20:16   6:53   0:00 
Tuomo Ruutu              0  0  0   0  2   1  1  0  0  0  2/4    18:23   5:42   1:55 
Tyler Myers              0  0  0   0  0   2  1  0  0  0  0/0    22:55   6:30   3:35 
Zack Kassian             0  0  0   1  0   1  1  0  0  0  0/1    11:50   6:59   0:00 

Players Stats for Panthers

Player Name              G  A  P  +/- PIM S  H  SB GA TA FO     MP     PP MP  PK MP  
------------------------------------------------------------------------------------
Ales Hemsky              0  0  0   0  0   1  0  0  0  0  0/0    16:22   5:01   0:00 
Andy Greene              0  1  1   0  0   2  1  1  0  0  0/0    15:42   0:18   2:42 
Antoine Vermette         0  0  0   0  2   1  1  0  0  0  6/11   14:40   0:00   6:02 
Brooks Orpik             0  1  1   0  4   2  1  0  0  0  0/0    17:01   0:00   4:20 
Carl Hagelin             0  0  0   0  0   0  2  0  0  0  0/0    15:34   4:17   0:00 
Colin Greening           0  0  0   0  0   0  1  0  0  0  0/0     5:59   0:00   0:00 
Dainius Zubrus           0  0  0   0  4   0  2  0  0  0  9/14   20:09   3:59   4:13 
David Booth              0  1  1   0  0   0  0  1  0  0  0/1     7:42   0:44   0:59 
David Jones              1  0  1   0  0   1  1  0  0  0  0/3     8:04   0:00   0:00 
Drew Stafford            0  0  0   0  2   1  4  0  0  0  0/0    13:04   5:01   0:00 
John-Michael Liles       0  0  0   0  2   0  2  0  0  0  0/0    13:40   4:02   0:00 
Kyle Quincey             0  0  0   0  2   1  2  0  0  0  0/0    23:54   4:02   5:07 
Niklas Kronwall          1  1  2   0  0   3  3  1  0  0  0/0    24:48   5:16   6:54 
Pierre-Alexandr Parentea 0  0  0   0  0   0  1  0  0  0  2/2    16:00   4:17   0:00 
Sam Gagner               0  0  0   0  0   0  0  0  0  0  10/30  18:40   4:35   2:25 
Sheldon Souray           0  0  0   0  0   1  0  1  0  0  0/0    24:51   4:58   6:56 
Tom Pyatt                0  0  0   0  0   1  0  0  0  0  3/9    11:56   0:00   5:57 
Viktor Stalberg          0  0  0   0  0   2  1  0  0  0  0/0    15:54   0:00   5:31 

3 Stars

1 - Niklas Kronwall (FLA)
2 - Semyon Varlamov (FLA)
3 - Joel Ward (BUF)

Power Play

Sabres - 0 on 7 Attempt(s) - 0.00%
Panthers - 1 on 5 Attempt(s) - 20.00%

Penalty Kill

Sabres - 4 on 5 Attempt(s) - 80.00% - Score 0 goal in Penalty Kill
Panthers - 7 on 7 Attempt(s) - 100.00% - Score 0 goal in Penalty Kill

Official

Referees : Chris Lee and Francois StLaurent
Linesman : Darren Gibbs and Tim Nowak

Game Notes

No Game Note

Finance

Level 1 -- Attendance: 6000 (100.00%) -- Ticket Income $690,000
Level 2 -- Attendance: 4737 (94.74%) -- Ticket Income $378,960
Level 3 -- Attendance: 2478 (70.80%) -- Ticket Income $161,070
Level 4 -- Attendance: 2513 (67.01%) -- Ticket Income $100,520
Luxury Box -- Attendance: 963 (96.30%) -- Ticket Income $192,600
Game was played at the BankAtlantic Center
Total Attendance: 16691 (86.71%)
Total Ticket Income: $1,523,150
Other Income: $228,472
Total Income: $1,751,622


% Time on Ice - Sabres

Lines # - Real PCT - Wanted PCT - Time Play
Normal Forward
1 - 31% - 40% - 11:00
2 - 30% - 30% - 10:39
3 - 25% - 20% - 8:38
4 - 14% - 10% - 4:51
Normal Defense
1 - 44% - 40% - 15:36
2 - 32% - 30% - 11:17
3 - 21% - 20% - 7:22
4 - 3% - 10% - 0:53
PP Forward
1 - 46% - 60% - 6:01
2 - 54% - 40% - 6:59
PP Defense
1 - 50% - 60% - 6:30
2 - 50% - 40% - 6:30
PK Forward
1 - 73% - 60% - 6:45
2 - 27% - 40% - 2:33
PK Defense
1 - 49% - 60% - 4:31
2 - 51% - 40% - 4:47
PK3 Forward
1 - 0% - 60%
2 - 0% - 40%
PK3 Defense
1 - 0% - 60%
2 - 0% - 40%
44 Forward
1 - 86% - 60% - 1:42
2 - 14% - 40% - 0:17
44 Defense
1 - 51% - 60% - 1:01
2 - 49% - 40% - 0:58
Last Minute Offensive  - 0:35
Last Minute Defensive  - 0:00
Total
Forward - 60:00
Defense - 60:00

% Time on Ice - Panthers

Lines # - Real PCT - Wanted PCT - Time Play
Normal Forward
1 - 30% - 32% - 10:42
2 - 30% - 30% - 10:23
3 - 23% - 25% - 8:04
4 - 17% - 13% - 5:59
Normal Defense
1 - 32% - 34% - 11:17
2 - 33% - 33% - 11:44
3 - 27% - 24% - 9:39
4 - 7% - 9% - 2:28
PP Forward
1 - 46% - 55% - 4:17
2 - 54% - 45% - 5:01
PP Defense
1 - 57% - 60% - 5:16
2 - 43% - 40% - 4:02
PK Forward
1 - 48% - 50% - 5:52
2 - 52% - 50% - 6:15
PK Defense
1 - 51% - 60% - 6:09
2 - 49% - 40% - 5:58
PK3 Forward
1 - 62% - 50% - 0:33
2 - 38% - 50% - 0:20
PK3 Defense
1 - 49% - 60% - 0:26
2 - 51% - 40% - 0:27
44 Forward
1 - 49% - 50% - 0:58
2 - 51% - 50% - 1:01
44 Defense
1 - 68% - 60% - 1:21
2 - 32% - 40% - 0:38
Last Minute Offensive  - 0:00
Last Minute Defensive  - 0:35
Total
Forward - 60:00
Defense - 60:00

Play by Play

1st period


0:01 of 1st period - Martin Hanzal wins face-off versus Sam Gagner in neutral zone.
0:05 of 1st period - Martin Hanzal is hit by Niklas Kronwall and loses puck.
0:20 of 1st period - Shot by Carl Hagelin.
0:20 of 1st period - Shot Blocked by Christian Ehrhoff.
0:23 of 1st period - Icing by Karl Alzner.
0:24 of 1st period - Dainius Zubrus wins face-off versus Thomas Vanek in Sabres zone.
0:25 of 1st period - Shot by Ales Hemsky.
0:25 of 1st period - Shot Misses the Net.
0:34 of 1st period - Minor Penalty to Dainius Zubrus for Interference.
0:35 of 1st period - Mike Richards wins face-off versus Antoine Vermette in Panthers zone.
0:42 of 1st period - Shot by Andrej Sekera.
0:42 of 1st period - Shot Misses the Net.
1:36 of 1st period - Shot by Martin Hanzal.
1:36 of 1st period - Stopped by Semyon Varlamov without a rebound.
1:37 of 1st period - Martin Hanzal wins face-off versus Sam Gagner in Panthers zone.
1:50 of 1st period - Shot by Zack Kassian.
1:50 of 1st period - Stopped by Semyon Varlamov without a rebound.
1:51 of 1st period - Antoine Vermette wins face-off versus Martin Hanzal in Panthers zone.
1:51 of 1st period - Antoine Vermette is hit by Martin Hanzal.
2:38 of 1st period - Shot by Tyler Myers.
2:38 of 1st period - Shot Misses the Net.
2:40 of 1st period - Shot by Devin Setoguchi.
2:40 of 1st period - Stopped by Semyon Varlamov without a rebound.
2:41 of 1st period - Mike Richards wins face-off versus Tom Pyatt in Panthers zone.
2:51 of 1st period - Icing by Andy Greene.
2:52 of 1st period - Mike Richards wins face-off versus Tom Pyatt in Panthers zone.
2:52 of 1st period - Mike Richards is hit by John-Michael Liles.
3:24 of 1st period - Shot by Tom Pyatt.
3:24 of 1st period - Deflect By David Booth.
3:24 of 1st period - Shot Misses the Net.
3:40 of 1st period - Antoine Vermette is hit by Patrick Kaleta and loses puck.
4:45 of 1st period - Shot by Ales Hemsky.
4:45 of 1st period - Stopped by Peter Budaj without a rebound.
4:46 of 1st period - Sam Gagner wins face-off versus Thomas Vanek in Sabres zone.
4:59 of 1st period - Shot by Sam Gagner.
4:59 of 1st period - Shot Misses the Net.
5:26 of 1st period - Christian Ehrhoff is hit by John-Michael Liles and loses puck.
5:32 of 1st period - Minor Penalty to Christian Ehrhoff for Holding.
5:33 of 1st period - Martin Hanzal wins face-off versus Sam Gagner in Sabres zone.
5:33 of 1st period - Martin Hanzal is hit by Drew Stafford.
5:47 of 1st period - Shot by Niklas Kronwall.
5:47 of 1st period - Shot Misses the Net.
7:50 of 1st period - Karl Alzner is hit by Kyle Quincey and loses puck.
8:25 of 1st period - Shot by Joel Ward.
8:25 of 1st period - Stopped by Semyon Varlamov without a rebound.
8:26 of 1st period - Martin Hanzal wins face-off versus Dainius Zubrus in Panthers zone.
8:31 of 1st period - Shot by Dan Cleary.
8:31 of 1st period - Stopped by Semyon Varlamov without a rebound.
8:32 of 1st period - Martin Hanzal wins face-off versus Antoine Vermette in Panthers zone.
8:45 of 1st period - Joel Ward is hit by Niklas Kronwall and loses puck.
10:10 of 1st period - Icing by Karl Alzner.
10:11 of 1st period - Martin Hanzal wins face-off versus Sam Gagner in Sabres zone.
10:32 of 1st period - Icing by Kyle Quincey.
10:33 of 1st period - Sam Gagner wins face-off versus Mike Richards in Panthers zone.
10:37 of 1st period - Icing by Pierre-Alexandr Parenteau.
10:38 of 1st period - Mike Richards wins face-off versus Sam Gagner in Panthers zone.
10:58 of 1st period - Shot by Sam Gagner.
10:58 of 1st period - Shot Misses the Net.
11:54 of 1st period - Shot by Dainius Zubrus.
11:54 of 1st period - Shot Misses the Net.
11:55 of 1st period - Minor Penalty to Dainius Zubrus for Cross-checking.
11:56 of 1st period - Martin Hanzal wins face-off versus Antoine Vermette in Panthers zone.
12:01 of 1st period - Shot by Thomas Vanek.
12:01 of 1st period - Stopped by Semyon Varlamov without a rebound.
12:02 of 1st period - Antoine Vermette wins face-off versus Martin Hanzal in Panthers zone.
12:02 of 1st period - Viktor Stalberg is hit by Zack Kassian and loses puck.
13:06 of 1st period - Shot by Christian Ehrhoff.
13:06 of 1st period - Stopped by Semyon Varlamov with a rebound.
13:08 of 1st period - Shot by Brett Festerling.
13:08 of 1st period - Shot Misses the Net.
13:35 of 1st period - Shot by Tyler Myers.
13:35 of 1st period - Stopped by Semyon Varlamov without a rebound.
13:36 of 1st period - Mike Richards wins face-off versus Sam Gagner in Panthers zone.
13:39 of 1st period - Shot by Thomas Vanek.
13:39 of 1st period - Shot Blocked by Sheldon Souray.
13:59 of 1st period - Karl Alzner is hit by Dainius Zubrus.
14:46 of 1st period - Icing by Christian Ehrhoff.
14:47 of 1st period - Mike Richards wins face-off versus Sam Gagner in Sabres zone.
14:54 of 1st period - Icing by Mike Richards.
14:55 of 1st period - Mike Richards wins face-off versus Sam Gagner in Sabres zone.
14:55 of 1st period - Mike Richards is hit by Carl Hagelin.
15:08 of 1st period - Carl Hagelin is hit by Martin Hanzal and loses puck.
15:23 of 1st period - Shot by Dan Cleary.
15:23 of 1st period - Stopped by Semyon Varlamov without a rebound.
15:24 of 1st period - Antoine Vermette wins face-off versus Martin Hanzal in Panthers zone.
15:47 of 1st period - Shot by Joel Ward.
15:47 of 1st period - Goal by Joel Ward - Sabres : 1 - Panthers : 0.
15:48 of 1st period - Dainius Zubrus wins face-off versus Martin Hanzal in neutral zone.
15:58 of 1st period - Icing by Viktor Stalberg.
15:59 of 1st period - Dainius Zubrus wins face-off versus Mike Richards in Panthers zone.
16:48 of 1st period - Kyle Quincey is hit by Mike Richards and loses puck.
16:55 of 1st period - Christian Ehrhoff is hit by Viktor Stalberg and loses puck.
17:03 of 1st period - Icing by Christian Ehrhoff.
17:04 of 1st period - Antoine Vermette wins face-off versus Mike Richards in Sabres zone.
17:06 of 1st period - Minor Penalty to Drew Stafford for Tripping.
17:06 of 1st period - Minor Penalty to Karl Alzner for Holding.
17:07 of 1st period - Thomas Vanek wins face-off versus Dainius Zubrus in Sabres zone.
17:29 of 1st period - Off-side.
17:30 of 1st period - Sam Gagner wins face-off versus Tuomo Ruutu in neutral zone.
18:08 of 1st period - Icing by Niklas Kronwall.
18:09 of 1st period - Sam Gagner wins face-off versus Jeff Carter in Panthers zone.
18:22 of 1st period - Shot by Dan Cleary.
18:22 of 1st period - Stopped by Semyon Varlamov with a rebound.
18:38 of 1st period - Shot by Jeff Carter.
18:38 of 1st period - Shot Misses the Net.
18:40 of 1st period - Shot by Chris Butler.
18:40 of 1st period - Stopped by Semyon Varlamov without a rebound.
18:41 of 1st period - Dainius Zubrus wins face-off versus Jeff Carter in Panthers zone.
18:54 of 1st period - Shot by Tyler Myers.
18:54 of 1st period - Stopped by Semyon Varlamov without a rebound.
18:55 of 1st period - Sam Gagner wins face-off versus Tuomo Ruutu in Panthers zone.
18:57 of 1st period - Icing by Brooks Orpik.
18:58 of 1st period - Sam Gagner wins face-off versus Dan Cleary in Panthers zone.
19:02 of 1st period - Off-side.
19:03 of 1st period - Tuomo Ruutu wins face-off versus Sam Gagner in neutral zone.

2nd period


0:01 of 2nd period - Martin Hanzal wins face-off versus Sam Gagner in neutral zone.
0:07 of 2nd period - Dan Cleary is hit by Brooks Orpik and loses puck.
0:21 of 2nd period - Minor Penalty to Brooks Orpik for Hooking.
0:22 of 2nd period - Antoine Vermette wins face-off versus Mike Richards in Panthers zone.
0:45 of 2nd period - Shot by Erik Gudbranson.
0:45 of 2nd period - Shot Misses the Net.
0:51 of 2nd period - Shot by Jeff Carter.
0:51 of 2nd period - Shot Misses the Net.
0:55 of 2nd period - Shot by Christian Ehrhoff.
0:55 of 2nd period - Shot Misses the Net.
1:35 of 2nd period - Icing by Martin Hanzal.
1:36 of 2nd period - Martin Hanzal wins face-off versus Dainius Zubrus in Sabres zone.
2:07 of 2nd period - Shot by Viktor Stalberg.
2:07 of 2nd period - Stopped by Peter Budaj with a rebound.
2:57 of 2nd period - Devin Setoguchi is hit by Kyle Quincey and loses puck.
3:29 of 2nd period - Colin Greening is hit by Erik Gudbranson and loses puck.
3:30 of 2nd period - Minor Penalty to Erik Gudbranson for Boarding.
3:31 of 2nd period - Martin Hanzal wins face-off versus Sam Gagner in Sabres zone.
4:22 of 2nd period - Chris Butler is hit by Dainius Zubrus and loses puck.
4:32 of 2nd period - Icing by Niklas Kronwall.
4:33 of 2nd period - Pierre-Alexandr Parenteau wins face-off versus Martin Hanzal in Panthers zone.
5:32 of 2nd period - Shot by Ales Hemsky.
5:32 of 2nd period - Shot Misses the Net.
6:38 of 2nd period - Shot by Patrick Kaleta.
6:38 of 2nd period - Deflect By Mike Richards.
6:38 of 2nd period - Shot Misses the Net.
6:40 of 2nd period - Shot by Devin Setoguchi.
6:40 of 2nd period - Shot Blocked by Niklas Kronwall.
6:42 of 2nd period - Shot by Chris Butler.
6:42 of 2nd period - Shot Misses the Net.
6:44 of 2nd period - Shot by Mike Richards.
6:44 of 2nd period - Shot Misses the Net.
7:00 of 2nd period - Karl Alzner is hit by Drew Stafford and loses puck.
7:26 of 2nd period - Shot by Martin Hanzal.
7:26 of 2nd period - Shot Misses the Net.
8:37 of 2nd period - Icing by Andy Greene.
8:38 of 2nd period - Mike Richards wins face-off versus Sam Gagner in Panthers zone.
9:00 of 2nd period - Shot by Mike Richards.
9:00 of 2nd period - Stopped by Semyon Varlamov without a rebound.
9:01 of 2nd period - Tom Pyatt wins face-off versus Martin Hanzal in Panthers zone.
9:10 of 2nd period - Karl Alzner is hit by Colin Greening and loses puck.
9:27 of 2nd period - Shot by Joel Ward.
9:27 of 2nd period - Shot Misses the Net.
10:24 of 2nd period - Devin Setoguchi is hit by Pierre-Alexandr Parenteau and loses puck.
10:36 of 2nd period - Shot by Mike Richards.
10:36 of 2nd period - Stopped by Semyon Varlamov without a rebound.
10:37 of 2nd period - Dainius Zubrus wins face-off versus Mike Richards in Panthers zone.
10:54 of 2nd period - Shot by Tuomo Ruutu.
10:54 of 2nd period - Stopped by Semyon Varlamov without a rebound.
10:55 of 2nd period - Martin Hanzal wins face-off versus David Jones in Panthers zone.
10:59 of 2nd period - Icing by John-Michael Liles.
11:00 of 2nd period - Martin Hanzal wins face-off versus Antoine Vermette in Panthers zone.
12:18 of 2nd period - Shot by Carl Hagelin.
12:18 of 2nd period - Shot Blocked by Karl Alzner.
12:20 of 2nd period - Shot by Brooks Orpik.
12:20 of 2nd period - Stopped by Peter Budaj without a rebound.
12:21 of 2nd period - Dainius Zubrus wins face-off versus Mike Richards in Sabres zone.
13:46 of 2nd period - Shot by Antoine Vermette.
13:46 of 2nd period - Stopped by Peter Budaj with a rebound.
13:48 of 2nd period - Shot by Brooks Orpik.
13:48 of 2nd period - Stopped by Peter Budaj without a rebound.
13:49 of 2nd period - Martin Hanzal wins face-off versus Sam Gagner in Sabres zone.
14:05 of 2nd period - Minor Penalty to John-Michael Liles for Hooking.
14:06 of 2nd period - Martin Hanzal wins face-off versus Tom Pyatt in Panthers zone.
16:07 of 2nd period - Minor Penalty to Erik Gudbranson for Tripping.
16:08 of 2nd period - Martin Hanzal wins face-off versus Sam Gagner in Sabres zone.
16:19 of 2nd period - Martin Hanzal is hit by Drew Stafford.
16:46 of 2nd period - Shot by Drew Stafford.
16:46 of 2nd period - Stopped by Peter Budaj with a rebound.
17:22 of 2nd period - Shot by Sheldon Souray.
17:22 of 2nd period - Stopped by Peter Budaj without a rebound.
17:23 of 2nd period - Martin Hanzal wins face-off versus Sam Gagner in Sabres zone.
17:46 of 2nd period - Shot by Niklas Kronwall.
17:46 of 2nd period - Shot Blocked by Karl Alzner.
17:52 of 2nd period - Shot by Sam Gagner.
17:52 of 2nd period - Deflect By Drew Stafford.
17:52 of 2nd period - Shot Misses the Net.
18:20 of 2nd period - Shot by Tom Pyatt.
18:20 of 2nd period - Stopped by Peter Budaj with a rebound.
18:24 of 2nd period - Shot by Andy Greene.
18:24 of 2nd period - Stopped by Peter Budaj without a rebound.
18:25 of 2nd period - Sam Gagner wins face-off versus Mike Richards in Sabres zone.
18:29 of 2nd period - Icing by Christian Ehrhoff.
18:30 of 2nd period - Mike Richards wins face-off versus Tom Pyatt in Sabres zone.
18:50 of 2nd period - Icing by Brett Festerling.
18:51 of 2nd period - Dainius Zubrus wins face-off versus Mike Richards in Sabres zone.
19:17 of 2nd period - Off-side.
19:18 of 2nd period - Sam Gagner wins face-off versus Martin Hanzal in neutral zone.

3rd period


0:01 of 3rd period - Dainius Zubrus wins face-off versus Martin Hanzal in neutral zone.
0:06 of 3rd period - Shot by Viktor Stalberg.
0:06 of 3rd period - Shot Misses the Net.
0:08 of 3rd period - Shot by Niklas Kronwall.
0:08 of 3rd period - Stopped by Peter Budaj without a rebound.
0:09 of 3rd period - Thomas Vanek wins face-off versus Sam Gagner in Sabres zone.
0:09 of 3rd period - Thomas Vanek is hit by Carl Hagelin.
0:38 of 3rd period - Martin Hanzal is hit by Niklas Kronwall and loses puck.
2:05 of 3rd period - Icing by Andy Greene.
2:06 of 3rd period - Martin Hanzal wins face-off versus David Jones in Panthers zone.
2:15 of 3rd period - Chris Butler is hit by Antoine Vermette and loses puck.
2:28 of 3rd period - Shot by Martin Hanzal.
2:28 of 3rd period - Stopped by Semyon Varlamov with a rebound.
2:34 of 3rd period - Shot by Zack Kassian.
2:34 of 3rd period - Shot Blocked by Andy Greene.
3:16 of 3rd period - Minor Penalty to Brooks Orpik for Hooking.
3:17 of 3rd period - Mike Richards wins face-off versus Dainius Zubrus in Panthers zone.
3:25 of 3rd period - Icing by Tyler Myers.
3:26 of 3rd period - Mike Richards wins face-off versus Dainius Zubrus in Sabres zone.
4:22 of 3rd period - Minor Penalty to Kyle Quincey for Tripping.
4:23 of 3rd period - Dainius Zubrus wins face-off versus Zack Kassian in Panthers zone.
4:44 of 3rd period - Shot by Christian Ehrhoff.
4:44 of 3rd period - Stopped by Semyon Varlamov without a rebound.
4:45 of 3rd period - Tom Pyatt wins face-off versus Mike Richards in Panthers zone.
5:07 of 3rd period - Shot by Andrej Sekera.
5:07 of 3rd period - Stopped by Semyon Varlamov without a rebound.
5:08 of 3rd period - Martin Hanzal wins face-off versus Tom Pyatt in Panthers zone.
5:11 of 3rd period - Shot by Tuomo Ruutu.
5:11 of 3rd period - Shot Misses the Net.
6:24 of 3rd period - Off-side.
6:25 of 3rd period - Jeff Carter wins face-off versus Sam Gagner in neutral zone.
7:05 of 3rd period - Brooks Orpik is hit by Patrick Kaleta and loses puck.
7:29 of 3rd period - Ales Hemsky is hit by Martin Hanzal and loses puck.
8:07 of 3rd period - Icing by Martin Hanzal.
8:08 of 3rd period - Martin Hanzal wins face-off versus David Jones in Sabres zone.
8:08 of 3rd period - Martin Hanzal is hit by Drew Stafford.
8:31 of 3rd period - Icing by Erik Gudbranson.
8:32 of 3rd period - Tuomo Ruutu wins face-off versus Sam Gagner in Sabres zone.
8:51 of 3rd period - Shot by Sam Gagner.
8:51 of 3rd period - Shot Misses the Net.
9:01 of 3rd period - Shot by Sam Gagner.
9:01 of 3rd period - Shot Misses the Net.
9:27 of 3rd period - Shot by Ales Hemsky.
9:27 of 3rd period - Shot Misses the Net.
9:29 of 3rd period - Shot by Andy Greene.
9:29 of 3rd period - Shot Blocked by Chris Butler.
9:31 of 3rd period - Shot by Viktor Stalberg.
9:31 of 3rd period - Stopped by Peter Budaj without a rebound.
9:32 of 3rd period - Martin Hanzal wins face-off versus Antoine Vermette in Sabres zone.
9:32 of 3rd period - Martin Hanzal is hit by David Jones.
9:44 of 3rd period - Kyle Quincey is hit by Martin Hanzal and loses puck.
9:45 of 3rd period - Minor Penalty to Thomas Vanek for Slashing.
9:46 of 3rd period - Martin Hanzal wins face-off versus Sam Gagner in Sabres zone.
12:05 of 3rd period - Icing by Tom Pyatt.
12:06 of 3rd period - Martin Hanzal wins face-off versus Tom Pyatt in Panthers zone.
12:06 of 3rd period - Dan Cleary is hit by Andy Greene and loses puck.
12:09 of 3rd period - Shot by Dan Cleary.
12:09 of 3rd period - Stopped by Semyon Varlamov with a rebound.
12:11 of 3rd period - Shot by Martin Hanzal.
12:11 of 3rd period - Shot Blocked by David Booth.
12:13 of 3rd period - Shot by Martin Hanzal.
12:13 of 3rd period - Stopped by Semyon Varlamov with a rebound.
12:18 of 3rd period - Icing by Andy Greene.
12:19 of 3rd period - Tom Pyatt wins face-off versus Martin Hanzal in Panthers zone.
13:17 of 3rd period - Viktor Stalberg is hit by Mike Richards and loses puck.
13:39 of 3rd period - Minor Penalty to Tuomo Ruutu for Hooking.
13:40 of 3rd period - Pierre-Alexandr Parenteau wins face-off versus Mike Richards in Sabres zone.
13:55 of 3rd period - Shot by Niklas Kronwall.
13:55 of 3rd period - Stopped by Peter Budaj with a rebound.
13:57 of 3rd period - Shot by Niklas Kronwall.
13:57 of 3rd period - Shot Misses the Net.
14:35 of 3rd period - Shot by Sam Gagner.
14:35 of 3rd period - Shot Misses the Net.
14:37 of 3rd period - Shot by Ales Hemsky.
14:37 of 3rd period - Shot Blocked by Karl Alzner.
14:43 of 3rd period - Shot by Kyle Quincey.
14:43 of 3rd period - Stopped by Peter Budaj without a rebound.
14:44 of 3rd period - Mike Richards wins face-off versus David Booth in Sabres zone.
14:57 of 3rd period - Shot by Andy Greene.
14:57 of 3rd period - Stopped by Peter Budaj with a rebound.
14:59 of 3rd period - Shot by Niklas Kronwall.
14:59 of 3rd period - Shot Misses the Net.
15:01 of 3rd period - Shot by Niklas Kronwall.
15:01 of 3rd period - Goal by Niklas Kronwall - Sabres : 1 - Panthers : 1.
15:02 of 3rd period - Antoine Vermette wins face-off versus Mike Richards in neutral zone.
15:27 of 3rd period - Shot by David Jones.
15:27 of 3rd period - Goal by David Jones - Sabres : 1 - Panthers : 2.
15:28 of 3rd period - Sam Gagner wins face-off versus Martin Hanzal in neutral zone.
16:07 of 3rd period - Pierre-Alexandr Parenteau is hit by Tyler Myers.
17:25 of 3rd period - Minor Penalty to Antoine Vermette for Slashing.
17:26 of 3rd period - Sam Gagner wins face-off versus Martin Hanzal in Panthers zone.
17:37 of 3rd period - Shot by Erik Gudbranson.
17:37 of 3rd period - Shot Misses the Net.
17:39 of 3rd period - Shot by Brett Festerling.
17:39 of 3rd period - Shot Misses the Net.
17:41 of 3rd period - Shot by Erik Gudbranson.
17:41 of 3rd period - Stopped by Semyon Varlamov without a rebound.
17:42 of 3rd period - Martin Hanzal wins face-off versus Sam Gagner in Panthers zone.
17:45 of 3rd period - Shot by Andrej Sekera.
17:45 of 3rd period - Shot Hit the Post.
18:02 of 3rd period - Sam Gagner is hit by Tuomo Ruutu and loses puck.
19:00 of 3rd period - Sabres, Peter Budaj is pulled from the net.
19:34 of 3rd period - Shot by Antoine Vermette.
19:34 of 3rd period - Shot Misses the Net.
19:50 of 3rd period - Dainius Zubrus is hit by Devin Setoguchi and loses puck.


Output by the SimonT Hockey Simulator (STHS) for Stephane Roy -- Original Page W3C XHTML 1.0 Valid
Hockey Simulator - Hockey Simulation - Hockey Manager